 Dungeon Crawl Stone Soup version 0.22-a0-414-gacd343e8ff (webtiles) character file.

115 Manul the Twirler (level 4, -2/34 HPs)
             Began as a Demonspawn Gladiator on May 13, 2018.
             Was an Initiate of Gozag.
             Slain by Perturabo's ghost (7 damage)
             ... on level 3 of the Dungeon.
             The game lasted 00:02:35 (2315 turns).

Manul the Twirler (Demonspawn Gladiator)            Turns: 2315, Time: 00:02:35

Health: -2/34      AC:  3    Str: 14    XL:     4   Next: 68%
Magic:  4/4        EV: 13    Int:  9    God:    Gozag
Gold:   192        SH:  0    Dex: 16    Spells: 3/3 levels left

rFire    . . .     SeeInvis +   a - +0 quarterstaff
rCold    . . .     Gourm    .   (shield currently unavailable)
rNeg     . . .     Faith    .   b - +0 leather armour
rPois    .         Spirit   .   (helmet restricted)
rElec    .         Reflect  .   (no cloak)
rCorr    .         Harm     .   (no gloves)
MR       .....                  (no boots)
Stlth    +.........             (no amulet)
HPRegen  0.11/turn              g - ring of see invisible
MPRegen  0.09/turn              (no ring)

@: no status effects
A: antennae 1, demonic guardian 1
a: Potion Petition, Call Merchant, Bribe Branch, Renounce Religion


You were on level 3 of the Dungeon.
You worshipped Gozag.
Gozag was aware of your devotion.
You were not hungry.

You visited 1 branch of the dungeon, and saw 3 of its levels.

You collected 215 gold pieces.
You paid 23 gold pieces to Gozag.

Inventory:

Hand Weapons
 a - a +0 quarterstaff (weapon)
Missiles
 d - 3 throwing nets (quivered)
Armour
 b - a +0 leather armour (worn)
 c - a +0 helmet
Jewellery
 g - a ring of see invisible (left hand)
Scrolls
 e - 2 scrolls of magic mapping {unknown}
 h - a scroll of identify {unknown}
 i - a scroll of immolation {unknown}
 k - 2 scrolls of teleportation {unknown}
 l - 2 scrolls of random uselessness {unknown}
 n - a scroll of noise {unknown}
 p - a scroll of remove curse {unknown}
Potions
 j - a potion of haste {unknown}
 m - 2 potions of heal wounds {unknown}
Comestibles
 f - 3 rations


   Skills:
 + Level 2.7 Fighting
 + Level 3.5 Staves
 + Level 1.8 Throwing
 + Level 1.4 Armour
 + Level 3.4 Dodging
 + Level 0.5 Stealth


You had 3 spell levels left.
You didn't know any spells.
Your spell library was empty.

Dungeon Overview and Level Annotations

Branches:
Dungeon (3/15)

Altars:
Fedhas
Gozag
Qazlal
Uskayaw

Annotations:
D:3 Perturabo's ghost, amateur FoFi


Innate Abilities, Weirdness & Mutations

You have a pair of small antennae on your head.
A weak demonic guardian rushes to your aid.


Message History

Your ufetubus hits Perturabo's ghost but does no damage.
Perturabo's ghost hits your ufetubus!
Your ufetubus dies!
Something hits your white imp.
You now have 192 gold pieces (gained 8).
Your white imp gestures at Perturabo's ghost.
The puff of frost hits Perturabo's ghost.
Perturabo's ghost closely misses your white imp.
There is an open door here.
Your white imp hits Perturabo's ghost.
Your white imp freezes Perturabo's ghost.
Perturabo's ghost hits your white imp.
Your white imp dies!
Perturabo's ghost turns its malevolent gaze towards you.
There is an open door here.
Perturabo's ghost hits you!
* * * LOW HITPOINT WARNING * * *
You open the door. Perturabo's ghost hits you!
You die...
Your body crumbles into a pile of gold.

#.....5.####..#
#.####### #...# #.#
.[..# #.# ...## #.#
.... #.# #.### ##.#
#.# ###..### ##'##
.......# ##.@.##
.##.##.# ##!W...##
#.##.## ##.....$.##
#.#...####.........#
#........'.........+
#.#...####.........#
...##### ###########
###w


You could see Perturabo's ghost.

Vanquished Creatures
  2 adders (D:2)
  An ooze (D:2)
  A worm (D:2)
  4 dart slugs
  A leopard gecko (D:1)
  An orc (D:3)
  5 bats
  14 giant cockroaches
  2 goblins
  2 hobgoblins
  3 jackals (D:1)
  4 kobolds (D:1)
  A quokka (D:2)
  3 frilled lizards
  A rat (D:1)
45 creatures vanquished.

Vanquished Creatures (collateral kills)
  Natasha (D:3)
  An ooze (D:2)
  A dart slug (D:2)
  A leopard gecko (D:2)
  A giant cockroach (D:2)
  A hobgoblin (D:3)
  3 bats
9 creatures vanquished.

Grand Total: 54 creatures vanquished

Notes
Turn   | Place    | Note
-------+----------+-------------------------------------------
     0 | D:1      | Manul the Demonspawn Gladiator began the quest for the Orb.
     0 | D:1      | Reached XP level 1. HP: 16/16 MP: 1/1
    99 | D:1      | Gained mutation: A weak demonic guardian rushes to your aid. [demonic ancestry]
    99 | D:1      | Reached XP level 2. HP: 22/22 MP: 2/2
   845 | D:2      | Gained mutation: You have a pair of small antennae on your head. [demonic ancestry]
   845 | D:2      | Reached XP level 3. HP: 27/27 MP: 3/3
   876 | D:2      | Found a blossoming altar of Fedhas.
   998 | D:2      | Reached skill level 1 in Armour
  1293 | D:2      | Found an opulent altar of Gozag.
  1335 | D:2      | Found a stormy altar of Qazlal.
  1356 | D:2      | Became a worshipper of Gozag Ym Sagoz the Greedy
  1700 | D:2      | Reached XP level 4. HP: 25/33 MP: 4/4
  2129 | D:3      | Found a hide-covered altar of Uskayaw.
  2157 | D:3      | Noticed Natasha
  2165 | D:3      | Killed Natasha
  2237 | D:3      | Noticed Perturabo's ghost (amateur FoFi)
  2315 | D:3      | Slain by Perturabo's ghost

Vault maps used:
D:1:      lightli_iron_boxes
D:2:      minmay_roachtagon, grunt_qazlal_clouds, lemuel_round_altar,
          nicolae_gozag_seed_capital, first_ration, lemuel_old_faithful
D:3:      lemuel_round_altar, lemuel_coloured_pillars_altar,
          lemuel_doored_altar, minmay_misc_feat_nine_boxes, uniq_natasha

Skill      XL: |  1  2  3 |
---------------+----------+-----
Dodging        | 3 |  3.4
Staves         | 3 |  3.5
Armour         | 1 |  1.4
Fighting       | |  2.7
Throwing       | |  1.8
Stealth        | |  0.5

Action                   |  1- 3 |  4- 6 || total
-------------------------+-------+-------++-------
Melee: Quarterstaff      |   131 |    35 ||   166
  Use: Potion            |       |     2 ||     2
 Stab: Sleeping          |     1 |       ||     1
  Eat: Ration            |     1 |       ||     1
       Chunk             |     1 |       ||     1
Armor: Leather armour    |    44 |     8 ||    52
Dodge: Dodged            |   120 |    39 ||   159

Table legend:
 A = Spawn XP
 B = Non-spawn XP
 C = Spawn XP percentage of total XP
 D = Spawn monster count
 E = Non-spawn monster count
 F = Spawn count percentage of total count
 G = Total turns spent on level
                    A         B        C        D         E        F      G
               +---------+---------+-------+---------+---------+-------+---------
         Total |       0 |     165 |   0.0 |       0 |      54 |   0.0 |  2315
               +---------+---------+-------+---------+---------+-------+---------
           D:1 |       0 |      35 |   0.0 |       0 |      19 |   0.0 |   804
           D:2 |       0 |      92 |   0.0 |       0 |      29 |   0.0 |  1296
           D:3 |       0 |      38 |   0.0 |       0 |       6 |   0.0 |   215
               +---------+---------+-------+---------+---------+-------+---------
